 Dungeon Crawl Stone Soup version 0.22-a0-605-g9281fa2 (webtiles) character file.

606 digijack the Ducker (level 7, -3/56 HPs)
             Began as a Gnoll Wanderer on July 9, 2018.
             Slain by a river rat (13 damage)
             ... on level 4 of the Dungeon.
             The game lasted 00:25:15 (3136 turns).

digijack the Ducker (Gnoll Wanderer)                Turns: 3136, Time: 00:25:17

Health: -3/56      AC:  4    Str: 17    XL:     7   Next: 42%
Magic:  11/11      EV: 16    Int: 13    God:
Gold:   137        SH:  0    Dex: 15    Spells: 10/10 levels left

rFire    . . .     SeeInvis .   c - +4 quarterstaff (chaos)
rCold    . . .     Gourm    .   (shield currently unavailable)
rNeg     . . .     Faith    .   j - +0 robe
rPois    .         Spirit   .   l - +0 helmet
rElec    .         Reflect  .   e - scarf {cloud immunity}
rCorr    .         Harm     .   q - +0 pair of gloves
MR       +....     Rnd*Rage +   (no boots)
Stlth    +.........             r - amulet of the acrobat
HPRegen  0.18/turn              h - +1 ring of protection
MPRegen  0.12/turn              t - ring of protection from magic

@: very slow
A: distributed training, fangs 1, berserk 1, deformed body, high mp 1, strong
nose
a: no special abilities


You were on level 4 of the Dungeon.
You were not hungry.

You visited 1 branch of the dungeon, and saw 4 of its levels.
You also visited: Ossuary.

You collected 137 gold pieces.

Inventory:

Hand Weapons
 c - a +4 quarterstaff of chaos (weapon)
Missiles
 b - 2 throwing nets (quivered)
Armour
 e - a scarf of cloud immunity (worn)
 j - a +0 robe (worn)
 l - a +0 helmet (worn)
 q - a +0 pair of gloves (worn)
Jewellery
 h - a +1 ring of protection (left hand)
 i - an uncursed amulet of guardian spirit
 r - an amulet of the acrobat (around neck)
 t - a ring of protection from magic (right hand)
Wands
 a - a wand of random effects (16)
 o - a wand of acid (9)
Scrolls
 n - 2 scrolls of identify
 p - a scroll of amnesia
 v - a scroll of remove curse
 x - a scroll of teleportation
Potions
 d - a potion of ambrosia
 g - a potion of lignification
 k - 2 potions of berserk rage
 m - a potion of magic
 s - a potion of brilliance
 u - a potion of curing
Comestibles
 f - 6 rations


   Skills:
 + Level 5.2 Fighting
 + Level 2.4 Short Blades
 + Level 3.6 Long Blades
 + Level 2.4 Axes
 + Level 2.4 Maces & Flails
 + Level 2.4 Polearms
 + Level 2.4 Staves
 + Level 2.4 Slings
 + Level 2.4 Bows
 + Level 2.4 Crossbows
 + Level 2.4 Throwing
 + Level 2.4 Armour
 + Level 7.0 Dodging
 + Level 2.4 Stealth
 + Level 3.6 Shields
 + Level 5.2 Unarmed Combat
 + Level 2.4 Spellcasting
 + Level 2.0 Conjurations
 + Level 2.0 Hexes
 + Level 2.0 Charms
 + Level 2.0 Summonings
 + Level 2.0 Necromancy
 + Level 2.0 Translocations
 + Level 2.0 Transmutations
 + Level 2.0 Fire Magic
 + Level 2.0 Ice Magic
 + Level 2.0 Air Magic
 + Level 2.0 Earth Magic
 + Level 2.0 Poison Magic
 + Level 2.7 Invocations
 + Level 3.6 Evocations


You had 10 spell levels left.
You didn't know any spells.
Your spell library was empty.

Dungeon Overview and Level Annotations

Branches:
Dungeon (4/15)
 Temple: D:4-7

Altars:
Makhleb


Innate Abilities, Weirdness & Mutations

Your experience applies equally to all skills.
You have very sharp teeth.
Your uncanny sense of smell can sniff out nearby items.
You tend to lose your temper in combat.
Armour fits poorly on your strangely shaped body.
You have an increased reservoir of magic. (+10% MP)


Message History

The river rat is heavily wounded.
The river rat bites you. The river rat bites you!
Your unstable footing causes you to fumble your attack.
The river rat bites you! The river rat misses you.
Your unstable footing causes you to fumble your attack.
The river rat bites you.
Your unstable footing causes you to fumble your attack.
The river rat closely misses you. The river rat barely misses you.
You closely miss the river rat.
The river rat is heavily wounded.
The river rat closely misses you. The river rat misses you.
You hit the river rat.
The river rat looks sick.
The river rat is severely wounded.
The river rat bites you. The river rat closely misses you.
You closely miss the river rat.
The river rat is severely wounded.
The river rat bites you!
* * * LOW HITPOINT WARNING * * *
The river rat bites you!
You die...

#.# #.# #.# ###
#####.# ..# ###≈≈##.#
#.# ≈≈≈≈≈#.# #.#
#≈w##.# #.# #r##.#
#.#### #@##.# .....#
#≈##.# .....# ####
##≈##.#
.....####≈≈####≈≈##.#
.....#..≈≈≈≈≈≈≈≈≈≈#.#
#+#....##≈≈####≈≈##.#
#.######## #####.#
#.# #.###.# ∆#.#
#.#<#.#


You could see a worm and a river rat (berserk).

Vanquished Creatures
  Duvessa (D:4)
  A bullfrog (D:4)
  Dowan (D:4)
  A scorpion (D:4)
  2 centaur zombies (Ossuary)
  Crazy Yiuf (D:3)
  Ijyb (D:3)
  A big kobold zombie (Ossuary)
  3 mummies (Ossuary)
  6 adders
  An ooze (D:2)
  An adder zombie (D:3)
  An adder skeleton (D:4)
  2 worms
  3 dart slugs
  4 leopard geckos
  6 orcs
  6 bats
  12 giant cockroaches
  3 goblins
  7 hobgoblins
  A quokka (D:2)
  6 frilled lizards
  A goblin zombie (Ossuary)
  A hobgoblin zombie (Ossuary)
  5 kobolds
  3 kobold zombies (Ossuary)
  8 rats
89 creatures vanquished.

Notes
Turn   | Place    | Note
-------+----------+-------------------------------------------
     0 | D:1      | digijack the Gnoll Wanderer began the quest for the Orb.
     0 | D:1      | digijack set off with: a +0 leather armour, 2 throwing nets, a +0 quarterstaff, a +0 shield, a ration
     0 | D:1      | Reached XP level 1. HP: 20/20 MP: 2/2
   130 | D:1      | Reached XP level 2. HP: 26/26 MP: 3/3
   630 | D:2      | Reached XP level 3. HP: 18/31 MP: 4/4
   920 | D:2      | Reached skill level 1 in Invocations
   964 | D:2      | Reached skill level 1 in Short Blades
   964 | D:2      | Reached skill level 1 in Axes
   964 | D:2      | Reached skill level 1 in Maces & Flails
   964 | D:2      | Reached skill level 1 in Polearms
   964 | D:2      | Reached skill level 1 in Staves
   964 | D:2      | Reached skill level 1 in Slings
   964 | D:2      | Reached skill level 1 in Bows
   964 | D:2      | Reached skill level 1 in Crossbows
   964 | D:2      | Reached skill level 1 in Throwing
   964 | D:2      | Reached skill level 1 in Armour
   964 | D:2      | Reached skill level 1 in Stealth
   964 | D:2      | Reached skill level 1 in Spellcasting
  1157 | D:2      | Reached XP level 4. HP: 38/38 MP: 6/6
  1659 | D:3      | Reached skill level 1 in Conjurations
  1659 | D:3      | Reached skill level 1 in Hexes
  1659 | D:3      | Reached skill level 1 in Charms
  1659 | D:3      | Reached skill level 1 in Summonings
  1659 | D:3      | Reached skill level 1 in Necromancy
  1659 | D:3      | Reached skill level 1 in Translocations
  1659 | D:3      | Reached skill level 1 in Transmutations
  1659 | D:3      | Reached skill level 1 in Fire Magic
  1659 | D:3      | Reached skill level 1 in Ice Magic
  1659 | D:3      | Reached skill level 1 in Air Magic
  1659 | D:3      | Reached skill level 1 in Earth Magic
  1659 | D:3      | Reached skill level 1 in Poison Magic
  1778 | D:3      | Found a runed door.
  1782 | D:3      | Noticed Crazy Yiuf
  1790 | D:3      | Killed Crazy Yiuf
  1790 | D:3      | Reached XP level 5. HP: 18/43 MP: 2/7
  2047 | D:3      | Noticed Ijyb
  2056 | D:3      | Killed Ijyb
  2141 | D:3      | Found a burning altar of Makhleb.
  2484 | D:4      | Noticed Duvessa
  2484 | D:4      | Noticed Dowan
  2492 | D:4      | Killed Duvessa
  2492 | D:4      | Reached XP level 6. HP: 39/50 MP: 8/8
  2500 | D:4      | Killed Dowan
  2500 | D:4      | Reached skill level 5 in Fighting
  2500 | D:4      | Reached skill level 5 in Unarmed Combat
  2704 | D:4      | Found a sand-covered staircase.
  2791 | Ossuary  | Entered an ossuary
  2817 | Ossuary  | Gained mutation: You tend to lose your temper in combat. [potion of mutation]
  2817 | Ossuary  | Gained mutation: Armour fits poorly on your strangely shaped body. [potion of mutation]
  2817 | Ossuary  | Gained mutation: You have an increased reservoir of magic. (+10% MP) [potion of mutation]
  2834 | Ossuary  | Reached XP level 7. HP: 52/56 MP: 11/11
  3015 | Ossuary  | Reached skill level 7 in Dodging
  3136 | D:4      | Slain by a river rat

Vault maps used:
D:1:      minmay_arrival_stair_chambers
D:2:      roderic_malta_cross
D:3:      lemuel_doored_altar, first_ration, minmay_large_rounded_square,
          grunt_ministairs_5, uniq_ijyb, uniq_crazy_yiuf_cottage
D:4:      gup_sewer_entry_bubbles, nicolae_ossuary_entry_false_entrances,
          uniq_duvessa
Ossuary:  ossuary_crypta

Skill      XL: |  1  2  3  4  5  6  7 |
---------------+----------------------+-----
Invocations    | 1 2 |  2.7
Short Blades   | 1 2 |  2.4
Axes           | 1 2 |  2.4
Maces & Flails | 1 2 |  2.4
Polearms       | 1 2 |  2.4
Staves         | 1 2 |  2.4
Slings         | 1 2 |  2.4
Bows           | 1 2 |  2.4
Crossbows      | 1 2 |  2.4
Throwing       | 1 2 |  2.4
Armour         | 1 2 |  2.4
Stealth        | 1 2 |  2.4
Spellcasting   | 1 2 |  2.4
Conjurations   | 1 2 |  2.0
Hexes          | 1 2 |  2.0
Charms         | 1 2 |  2.0
Summonings     | 1 2 |  2.0
Necromancy     | 1 2 |  2.0
Translocations | 1 2 |  2.0
Transmutations | 1 2 |  2.0
Fire Magic     | 1 2 |  2.0
Ice Magic      | 1 2 |  2.0
Air Magic      | 1 2 |  2.0
Earth Magic    | 1 2 |  2.0
Poison Magic   | 1 2 |  2.0
Long Blades    | 3 |  3.6
Shields        | 3 |  3.6
Evocations     | 3 |  3.6
Fighting       | 5 |  5.2
Unarmed Combat | 5 |  5.2
Dodging        | 7 |  7.0

Action                   |  1- 3 |  4- 6 |  7- 9 || total
-------------------------+-------+-------+-------++-------
Melee: Quarterstaff      |   123 |   102 |    61 ||   286
       Bite              |    12 |    13 |     1 ||    26
       Mace              |       |     7 |       ||     7
Evoke: Wand              |       |     4 |       ||     4
  Use: Scroll            |     2 |     6 |       ||     8
       Potion            |     2 |     3 |     7 ||    12
 Stab: Sleeping          |     2 |     1 |       ||     3
       Distracted        |       |     1 |       ||     1
  Eat: Chunk             |     1 |     5 |       ||     6
       Ration            |       |       |     1 ||     1
Armor: Leather armour    |    22 |       |       ||    22
       Ring mail         |    10 |    19 |       ||    29
       Robe              |       |     4 |     3 ||     7
Dodge: Dodged            |   119 |    89 |    37 ||   245

Table legend:
 A = Spawn XP
 B = Non-spawn XP
 C = Spawn XP percentage of total XP
 D = Spawn monster count
 E = Non-spawn monster count
 F = Spawn count percentage of total count
 G = Total turns spent on level
                    A         B        C        D         E        F      G
               +---------+---------+-------+---------+---------+-------+---------
         Total |       0 |     867 |   0.0 |       0 |      89 |   0.0 |  3136
               +---------+---------+-------+---------+---------+-------+---------
           D:1 |       0 |      29 |   0.0 |       0 |      17 |   0.0 |   564
           D:2 |       0 |      67 |   0.0 |       0 |      21 |   0.0 |   879
           D:3 |       0 |     150 |   0.0 |       0 |      24 |   0.0 |   985
           D:4 |       0 |     441 |   0.0 |       0 |      16 |   0.0 |   455
       Ossuary |       0 |     180 |   0.0 |       0 |      11 |   0.0 |   253
               +---------+---------+-------+---------+---------+-------+---------
